 Dungeon Crawl Stone Soup version 0.32-a0-975-g85d4e5bfdb (webtiles) character file.

Game seed: 8345241323659335426

14 ezpacito the Trooper (level 2, -2/24 HPs)
             Began as a Coglin Chaos Knight on Apr 19, 2024.
             Was a Plaything of Xom.
             Succumbed to a kobold's poison
             ... on level 1 of the Dungeon.
             The game lasted 00:00:34 (313 turns).

ezpacito the Trooper (Coglin Chaos Knight)           Turns: 313, Time: 00:00:35

Health: -2/24      AC:  5    Str: 12    XL:     2   Next: 45%
Magic:  2/2        EV: 10    Int: 11    God:    Xom [..*...]
Gold:   3          SH:  0    Dex: 13    Spells: 1/1 levels left

rFire   . . .        a - +0 hand axe (chaos) {Publius}
rCold   . . .        f - +1 dagger (protect) {Msizi}
rNeg    . . .        b - +2 leather armour
rPois   .            (no helmet)
rElec   .            (no cloak)
rCorr   .            (no gloves)
SInv    .            (no boots)
Will    .....        (amulet unavailable)
Stlth   +            (ring unavailable)
HPRegen 0.24/turn    (ring unavailable)
MPRegen 0.08/turn    (no gizmo)

%: no passive effects
@: lethally poisoned (-2 -> -25), revving
A: off-hand wielding, slow wielding, warmup strikes, no jewellery
a: Invent Gizmo, Renounce Religion


You were on level 1 of the Dungeon.
You worshipped Xom.
You were a toy of Xom.
You visited 1 branch of the dungeon, and saw 1 of its levels.

You collected 3 gold pieces.

Inventory:

Hand Weapons
 a - a +0 hand axe of chaos (weapon) {Publius}
 f - a +1 dagger of protection (offhand) {Msizi}
Armour
 b - a +2 leather armour (worn)
Potions
 d - a potion of resistance {unknown}
 e - a potion of mutation {unknown}


   Skills:
 * Level 3.1 Fighting
 * Level 3.1(3.2) Axes
 * Level 0.5(1.8) Polearms
 * Level 1.9 Armour
 * Level 1.2 Dodging
 + Level 0.0 Stealth
 + Level 0.1 Spellcasting


You had one spell level left.
You didn't know any spells.
Your spell library was empty.

Dungeon Overview and Level Annotations

Branches:
Dungeon (1/15)

Altars:


Innate Abilities, Weirdness & Mutations

You can wield a second weapon in your off-hand.
It takes a long time for you to wield or remove held weapons.
Your first few attacks do less damage.
You cannot equip rings or amulets.


Message History

Xom is highly amused!
You hit the rat with your +0 hand axe of chaos.
You feel better.
You kill the rat!
You feel very sick. The kobold completely misses you. The hobgoblin hits you.
You hit the hobgoblin with your +0 hand axe of chaos.
You kill the hobgoblin!
You barely miss the kobold with your +0 hand axe of chaos.
You hit the goblin with your +0 hand axe of chaos.
The goblin flies into a frenzy!
You feel very sick. The goblin hits you with a +0 dagger.
The kobold hits you with a +2 short sword of venom.
You are lethally poisoned!
The goblin hits you with a +0 dagger.
* * * LOW HITPOINT WARNING * * *
You are too injured to fight recklessly!
You are too injured to fight recklessly!
You take 14 damage, and have 6/24 hp.
MASSIVE DAMAGE!!
You are too injured to fight recklessly!
You are too injured to fight recklessly!
You are too injured to fight recklessly!
You are too injured to fight recklessly!
You are too injured to fight recklessly!
You are too injured to fight recklessly!
You are too injured to fight recklessly!
Okay, then.
As you read the scroll of butterflies, it crumbles to dust.
You hear the flapping of tiny wings.
The kobold is knocked back by the sudden gust.
The goblin is knocked back by the sudden gust.
* * * LOW HITPOINT WARNING * * *
You feel very sick. The kobold hits you but does no damage.
You are more poisoned.
You take 4 damage, and have 2/24 hp.
You swap places.
You die...
Xom titters!

..##...##....#.# .#
..#.....#..###.####.##
###..........#.##....#
#....##.#.##.##b...#
#....##......bbb.bb#
####.....#####b....#
#.###.#b#b#bb#+## .#
.#bbK#bb..# #gbbb@#..#
#bbb#b##.... #b#b#b#
>#### # ###.# .# ...
... ####


You could see a kobold (resistant, ally target) and a neutral goblin (fast,
strong, frenzied, distracted, ally target).

Vanquished Creatures
  An endoplasm (D:1)
  2 goblins (D:1)
  2 hobgoblins (D:1)
  3 ball pythons (D:1)
  2 bats (D:1)
  5 rats (D:1)
15 creatures vanquished.

Notes
Turn   | Place    | Note
-------+----------+-------------------------------------------
     0 | D:1      | ezpacito the Coglin Chaos Knight began the quest for the
                  | Orb.
     0 | D:1      | Reached XP level 1. HP: 18/18 MP: 1/1
    24 | D:1      | Reached skill level 1 in Dodging
    73 | D:1      | XOM: silly message
   182 | D:1      | Reached XP level 2. HP: 24/24 MP: 2/2
   214 | D:1      | XOM: silly message
   313 | D:1      | Succumbed to a kobold's poison

Illustrated notes

Levels and vault maps discovered:
D:1:      lemuel_arrival_cross, layout_basic, minmay_split_cup_large

Skill      XL: |  1 |
---------------+----+-----
Dodging        | 1 |  1.2
Fighting       | |  3.1
Axes           | |  3.1
Polearms       | |  0.5
Armour         | |  1.9
Spellcasting   | |  0.1

Action                     || total
---------------------------++-------
  Melee: Hand axe          ||    34
         Dagger            ||    29
    Use: Scroll            ||     1
 Armour: Leather armour    ||    27
  Dodge: Dodged            ||    21

Table legend: (Time is in decaauts)
 A = Elapsed time spent in this place.
 B = Non-inter-level travel time spent in this place.
 C = Inter-level travel time spent in this place.
 D = Time resting spent in this place.
 E = Time spent auto-exploring this place.
 F = Levels seen in this place.
 G = Mean time per level.
                   A        B        C        D        E       F      G
               +--------+--------+--------+--------+--------+-----+--------+
         Total |    315 |    315 |      0 |      0 |    224 |   1 |  315.0 |
       Dungeon |    315 |    315 |      0 |      0 |    224 |   1 |  315.0 |
               +--------+--------+--------+--------+--------+-----+--------+

Top non-repeatable levels by time:
     D:1: 315 daAuts
